 Dungeon Crawl Stone Soup version 0.20.1-1-g8b1a95d (webtiles) character file.

279 Peloso the Shield-Bearer (level 6, -8/56 HPs)
             Began as a Deep Dwarf Fighter on Aug 15, 2017.
             Killed from afar by Ijyb (28 damage)
             ... with a wand of lightning (?/15)
             ... on level 4 of the Dungeon.
             The game lasted 00:07:09 (2394 turns).

Peloso the Shield-Bearer (Deep Dwarf Fighter)       Turns: 2394, Time: 00:07:09

Health: -8/56      AC: 16    Str: 22    XL:     6   Next: 5%
Magic:  4/4        EV:  4    Int:  8    God:
Gold:   133        SH: 10    Dex: 12    Spells: 5/5 levels left

rFire    . . .     SeeInvis .   a - +1 long sword
rCold    + . .     Gourm    .   c - +0 shield
rNeg     . . .     Faith    .   m - +3 plate armour
rPois    .         Spirit   .   (no helmet)
rElec    .         Reflect  .   j - +0 cloak
rCorr    .         Harm     .   (no gloves)
MR       .....                  (no boots)
Stlth    ..........             (no amulet)
Regen    0.0/turn               v - ring of protection from cold
MPRegen  0.1/turn               (no ring)

@: non-regenerating
A: damage resistance, heal wounds, sense surroundings 1, no regeneration
a: Heal Wounds


You were on level 4 of the Dungeon.
You were not hungry.

You visited 1 branch of the dungeon, and saw 4 of its levels.

You collected 133 gold pieces.

Inventory:

Hand Weapons
 a - a +1 long sword (weapon)
 q - a +0 whip
Missiles
 n - 26 bolts
Armour
 c - a +0 shield (worn)
 j - a +0 cloak (worn)
 m - a +3 plate armour (worn)
Jewellery
 v - a ring of protection from cold (left hand)
Wands
 r - a wand of polymorph (5/24)
Scrolls
 b - a scroll of identify {unknown}
 i - a scroll of teleportation
 k - a scroll of blinking
 l - 5 scrolls of remove curse
 p - 2 scrolls of magic mapping
 s - a scroll of fear {unknown}
Potions
 d - a potion of might
 e - a potion of cancellation {unknown}
 t - 3 potions of flight {unknown}
 u - a potion of berserk rage {unknown}
 w - a potion of resistance {unknown}
 x - a potion of degeneration {unknown}
Comestibles
 f - 4 bread rations
 g - a fruit
 h - a meat ration
 o - 5 chunks of flesh


   Skills:
 + Level 3.6 Fighting
 + Level 4.0 Long Blades
 + Level 4.3 Armour
 + Level 1.0 Dodging
 + Level 0.3 Stealth
 + Level 4.4 Shields


You had 5 spell levels left.
You didn't know any spells.

Dungeon Overview and Level Annotations

Branches:
Dungeon (4/15)
 Temple: D:4-7

Altars:
Gozag
Xom

Annotations:
D:4 Ijyb


Innate Abilities, Weirdness & Mutations

You are resistant to damage.
You can heal yourself by infusing magical energy.
You passively map a small area around you.
You do not regenerate.


Message History

You feel much better. Ijyb hits you but does no damage.
You hit Ijyb.
Ijyb is lightly wounded.
Ijyb hits you but does no damage.
You hit Ijyb but do no damage.
Ijyb is lightly wounded.
Ijyb zaps a wand.
The bolt of lightning hits you! x2
Ijyb hits you but does no damage.
You hit Ijyb but do no damage.
Ijyb is lightly wounded.
You block Ijyb's attack.
You hit Ijyb.
Ijyb is moderately wounded.
Ijyb hits you but does no damage.
You hit Ijyb but do no damage.
Ijyb is moderately wounded.
Ijyb zaps a wand.
The bolt of lightning hits you!
Ouch! That really hurt!
You die...

, #. #. * .# #.*
.#####. .#####. ### ,,
.#... ........####..
=.............<....# *
. #......####.#....#.#
,#.##..##..#
#.##.###.# #.#.......#
#.##)###.. * #
#....g@..# #.#)).....
#.###...##.#
##.#..#####
#........#.# ##.....#
#.##.....#.###......#
* **
#...................#
,..##.....#####.....##
* #* #....^.........##
################


You could see Ijyb.

Vanquished Creatures
  An orc priest (D:3)
  3 orc wizards
  5 gnolls
  4 adders (D:2)
  A dart slug (D:1)
  3 leopard geckos
  4 orcs
  3 ball pythons
  4 giant cockroaches
  7 goblins
  7 hobgoblins
  3 jackals (D:3)
  2 quokkas
  7 bats
  7 frilled lizards
  10 kobolds
  9 rats
80 creatures vanquished.

Notes
Turn   | Place    | Note
-------+----------+-------------------------------------------
     0 | D:1      | Peloso the Deep Dwarf Fighter began the quest for the Orb.
     0 | D:1      | Reached XP level 1. HP: 20/20 MP: 1/1
   210 | D:1      | Reached XP level 2. HP: 18/27 MP: 2/2
   657 | D:1      | Reached XP level 3. HP: 15/34 MP: 3/3
  1050 | D:2      | Found a shimmering altar of Xom.
  1151 | D:2      | Reached XP level 4. HP: 25/42 MP: 4/4
  1234 | D:2      | Found an opulent altar of Gozag.
  1683 | D:3      | Reached XP level 5. HP: 19/49 MP: 5/5
  2297 | D:4      | Reached skill level 1 in Dodging
  2359 | D:4      | Reached XP level 6. HP: 36/56 MP: 6/6
  2383 | D:4      | Noticed Ijyb
  2394 | D:4      | Killed from afar by Ijyb

Skill      XL: |  1  2  3  4  5 |
---------------+----------------+-----
Fighting       | 3 |  3.6
Long Blades    | 3 4 |  4.0
Armour         | 4 |  4.3
Shields        | 4 |  4.4
Dodging        | 1 |  1.0
Stealth        | |  0.3

Action                   |  1- 3 |  4- 6 || total
-------------------------+-------+-------++-------
Melee: Long sword        |   156 |   178 ||   334
 Abil: Heal Wounds       |     1 |     3 ||     4
  Use: Scroll            |       |     7 ||     7
  Eat: Chunk             |     1 |     5 ||     6
Armor: Scale mail        |    36 |       ||    36
       Plate armour      |    60 |   169 ||   229
Dodge: Dodged            |    36 |    30 ||    66
Block: Shield            |    86 |   106 ||   192
       Rpst.: Long sword |    12 |     8 ||    20
